 Dungeon Crawl Stone Soup version 0.21.1-1-g345015f (webtiles) character file.

2280 Flooderbenga the Grave Robber (level 9, -8/65 HPs)
             Began as a Gnoll Necromancer on Apr 25, 2018.
             Mangled by an orc warrior
             ... wielding a +0 flail
              (14 damage)
             ... on level 10 of the Dungeon on Apr 26, 2018.
             The game lasted 00:57:10 (2504 turns).

Flooderbenga the Grave Robber (Gnoll Necromancer)   Turns: 2504, Time: 00:57:10

Health: -8/65      AC:  8    Str: 11    XL:     9   Next: 39%
Magic:  13/18      EV: 19    Int: 20    God:
Gold:   328        SH:  2    Dex: 16    Spells: 2/21 levels left

rFire    . . .     SeeInvis .   s - +2 dagger (venom)
rCold    . . .     Gourm    .   (no shield)
rNeg     + . .     Faith    .   a - +0 robe
rPois    .         Spirit   .   k - +2 helmet
rElec    .         Reflect  +   (no cloak)
rCorr    .         Harm     .   l - +2 pair of gloves
MR       .....                  (no boots)
Stlth    +++.......             h - +2 amulet of reflection
HPRegen  0.20/turn              g - +3 ring of evasion
MPRegen  0.16/turn              w - ring of positive energy

@: no status effects
A: distributed training, fangs 1, strong nose
a: no special abilities


You were on level 10 of the Dungeon.
You were not hungry.

You visited 2 branches of the dungeon, and saw 11 of its levels.

You collected 328 gold pieces.

Inventory:

Hand Weapons
 s - a +2 dagger of venom (weapon)
 F - a +0 blowgun
Missiles
 j - 20 poisoned needles
 m - 27 stones (quivered)
 n - a throwing net {!f}
Armour
 a - a +0 robe (worn)
 k - a +2 helmet (worn)
 l - a +2 pair of gloves (worn)
 G - +0 pearl dragon scales
Jewellery
 g - a +3 ring of evasion (left hand)
 h - a +2 amulet of reflection (around neck)
 w - a ring of positive energy (right hand)
Wands
 i - a wand of digging (28) {@v4}
 t - a wand of paralysis (3)
 y - a wand of random effects (12)
 E - a wand of flame (28)
Scrolls
 d - 4 scrolls of remove curse {@r2}
 e - a scroll of immolation {unknown}
 f - 5 scrolls of teleportation {@r3}
 r - 2 scrolls of identify {@r1}
 x - a scroll of blinking {unknown}
 z - 3 scrolls of enchant armour
 B - a scroll of vulnerability {unknown}
 D - a scroll of fear {@r5}
Potions
 o - a potion of brilliance
 q - a potion of curing {@q1}
 u - a potion of invisibility
 v - a potion of cancellation
 A - a potion of mutation {unknown}
 C - a potion of heal wounds {@q2}
Books
 b - a book of Necromancy

   Spells                             Type                      Level
   a - Pain                           Necromancy                   1
   b - Animate Skeleton               Necromancy                   1
   c - Vampiric Draining              Necromancy                   3
   d - Regeneration                   Charms/Necromancy            3
   e - Animate Dead                   Necromancy                   4
   f - Borgnjor's Vile Clutch         Necromancy/Earth             5
 p - a book of Maledictions

   Spells                             Type                      Level
   a - Corona                         Hexes                        1
   b - Ensorcelled Hibernation        Hexes/Ice                    2
   c - Confuse                        Hexes                        3
   d - Tukima's Dance                 Hexes                        3
   e - Dazzling Spray                 Conjuration/Hexes            3
Comestibles
 c - 6 rations


   Skills:
 + Level 4.1 Fighting
 + Level 4.1 Short Blades
 + Level 4.1 Long Blades
 + Level 4.1 Axes
 + Level 4.1 Maces & Flails
 + Level 4.1 Polearms
 + Level 4.1 Staves
 + Level 4.1 Slings
 + Level 4.1 Bows
 + Level 4.1 Crossbows
 + Level 4.1 Throwing
 + Level 4.1 Armour
 + Level 6.2 Dodging
 + Level 5.9 Stealth
 + Level 4.1 Shields
 + Level 4.1 Unarmed Combat
 + Level 6.5 Spellcasting
 + Level 3.4 Conjurations
 + Level 3.4 Hexes
 + Level 3.4 Charms
 + Level 3.4 Summonings
 + Level 7.9 Necromancy
 + Level 3.4 Translocations
 + Level 3.4 Transmutations
 + Level 3.4 Fire Magic
 + Level 3.4 Ice Magic
 + Level 3.4 Air Magic
 + Level 3.4 Earth Magic
 + Level 3.4 Poison Magic
 + Level 4.5 Invocations
 + Level 4.1 Evocations


You had 2 spell levels left.
You knew the following spells:

 Your Spells              Type           Power        Failure   Level  Hunger
a - Pain                  Necr           ####         1%          1    None
b - Animate Dead          Necr           N/A          3%          4    ###....
c - Borgnjor's Vile Clut  Necr/Erth      ####......   26%         5    #####..
d - Ensorcelled Hibernat  Hex/Ice        ###...       3%          2    None
e - Confuse               Hex            ###.....     8%          3    #......
r - Regeneration          Chrm/Necr      ####......   2%          3    #......
z - Animate Skeleton      Necr           N/A          1%          1    None


Dungeon Overview and Level Annotations

Branches:
Dungeon (10/15)            Temple (1/1) D:6
   Lair: D:8-11         Orc: D:9-12

Altars:
Ashenzari
Dithmenos
Elyvilon
Fedhas
Gozag
Hepliaklqana
Kikubaaqudgha
Makhleb
Nemelex Xobeh
Okawaru
Qazlal
Sif Muna
Trog
Uskayaw
Vehumet
Wu Jian
Xom
Yredelemnul
Zin
The Shining One

Annotations:
D:2 Robin
D:3 azzavlup's ghost, amateur MfTm
D:8 p0werm0de's ghost, novice GrCK


Innate Abilities, Weirdness & Mutations

Your experience applies equally to all skills.
You have very sharp teeth.
Your uncanny sense of smell can sniff out nearby items.


Message History

The orc warrior looks as sick as possible!
Your bite misses the orc warrior.
You feel a bit more experienced.
The orc wizard gestures wildly while chanting.
The orc wizard blinks!
The orc warrior misses you.
You hit the orc warrior but do no damage.
The orc hits you with a falchion.
* * * LOW HITPOINT WARNING * * *
You take 1 damage, and have 16/65 hp.
You hit the orc warrior but do no damage.
The orc warrior looks as sick as possible!
The orc warrior hits you with a flail!
* * * LOW HITPOINT WARNING * * *
You block the orc's attack.
You take 10 damage, and have 6/65 hp.
You hit the orc warrior but do no damage.
The orc wizard barely misses you.
You hit the orc warrior but do no damage.
The orc wizard hits you but does no damage.
The orc closely misses you. The orc warrior hits you with a flail!
You die...

#............(...#
#................#
#................#
#................#
#.........<[.....#
#..?.............+
###
#...###....#######
.....##...###....#
......o@.........+
......oo)........#
.....##........!.#
>... #..........#
... ...........#
.. ........... .
...%.......
##..#..#..


You could see an orc warrior, an orc wizard and an orc.

Vanquished Creatures
  A hippogriff (D:8)
  The ghost of ashleybeshir the Conjurer, an amateur HuCj (D:5)
  A yak (D:7)
  An ice beast (D:7)
  Duvessa (D:6)
  2 orc warriors
  A sky beast (D:7)
  3 centaurs
  A bullfrog (D:7)
  2 wyvern zombies (D:8)
  Dowan (D:6)
  A scorpion (D:5)
  A howler monkey (D:5)
  4 crimson imps
  A hound (D:7)
  3 orc priests
  A bullfrog skeleton (D:8)
  2 iguanas (D:6)
  2 jellies
  3 orc wizards
  3 worker ants
  3 adders
  4 gnolls
  2 oozes (D:2)
  2 worms (D:2)
  3 dart slugs
  A leopard gecko (D:2)
  7 orcs
  2 bats (D:1)
  A giant cockroach (D:2)
  3 goblins (D:1)
  2 hobgoblins (D:1)
  2 jackals
  A kobold (D:3)
  2 quokkas
  4 frilled lizards (D:1)
  A quokka skeleton (D:5)
  5 rats
81 creatures vanquished.

Vanquished Creatures (collateral kills)
  An ogre (D:6)
1 creature vanquished.

Grand Total: 82 creatures vanquished

Notes
Turn   | Place    | Note
-------+----------+-------------------------------------------
     0 | D:1      | Flooderbenga the Gnoll Necromancer began the quest for the Orb.
     0 | D:1      | Reached XP level 1. HP: 13/13 MP: 6/6
    70 | D:1      | Reached XP level 2. HP: 12/19 MP: 4/7
   183 | D:2      | Found an opulent altar of Gozag.
   198 | D:2      | Noticed Robin
   217 | D:2      | Reached skill level 5 in Spellcasting
   217 | D:2      | Reached XP level 3. HP: 6/25 MP: 4/9
   222 | D:2      | Learned a level 3 spell: Regeneration
   224 | D:2      | Learned a level 1 spell: Animate Skeleton
   437 | D:3      | Reached skill level 1 in Invocations
   438 | D:3      | Noticed azzavlup's ghost (amateur MfTm)
   473 | D:2      | Found an iron altar of Okawaru.
   543 | D:2      | Reached skill level 1 in Fighting
   543 | D:2      | Reached skill level 1 in Short Blades
   543 | D:2      | Reached skill level 1 in Long Blades
   543 | D:2      | Reached skill level 1 in Axes
   543 | D:2      | Reached skill level 1 in Maces & Flails
   543 | D:2      | Reached skill level 1 in Polearms
   543 | D:2      | Reached skill level 1 in Staves
   543 | D:2      | Reached skill level 1 in Slings
   543 | D:2      | Reached skill level 1 in Bows
   543 | D:2      | Reached skill level 1 in Crossbows
   543 | D:2      | Reached skill level 1 in Throwing
   543 | D:2      | Reached skill level 1 in Armour
   543 | D:2      | Reached skill level 1 in Shields
   543 | D:2      | Reached skill level 1 in Unarmed Combat
   543 | D:2      | Reached skill level 1 in Evocations
   543 | D:2      | Reached XP level 4. HP: 10/32 MP: 6/11
   675 | D:4      | Learned a level 4 spell: Animate Dead
   681 | D:4      | Found a shadowy altar of Dithmenos.
   694 | D:4      | Reached skill level 1 in Conjurations
   694 | D:4      | Reached skill level 1 in Hexes
   694 | D:4      | Reached skill level 1 in Charms
   694 | D:4      | Reached skill level 1 in Summonings
   694 | D:4      | Reached skill level 1 in Translocations
   694 | D:4      | Reached skill level 1 in Transmutations
   694 | D:4      | Reached skill level 1 in Fire Magic
   694 | D:4      | Reached skill level 1 in Ice Magic
   694 | D:4      | Reached skill level 1 in Air Magic
   694 | D:4      | Reached skill level 1 in Earth Magic
   694 | D:4      | Reached skill level 1 in Poison Magic
   731 | D:5      | Entered Level 5 of the Dungeon
   751 | D:5      | Noticed a centaur
   754 | D:5      | Killed a centaur
   754 | D:5      | Reached XP level 5. HP: 29/37 MP: 10/12
   763 | D:5      | Reached XP level 6. HP: 30/44 MP: 8/13
   783 | D:5      | Noticed ashleybeshir's ghost (amateur HuCj)
   835 | D:5      | Killed ashleybeshir's ghost
   835 | D:5      | Reached skill level 5 in Dodging
   835 | D:5      | Reached XP level 7. HP: 3/50 MP: 8/15
  1023 | D:6      | Learned a level 5 spell: Borgnjor's Vile Clutch
  1152 | D:6      | Noticed a yak
  1154 | D:6      | Noticed a yak
  1163 | D:6      | Noticed a yak
  1170 | D:7      | Killed a yak
  1170 | D:7      | Reached skill level 5 in Stealth
  1264 | D:7      | Reached XP level 8. HP: 48/57 MP: 11/16
  1298 | D:8      | Noticed a hippogriff
  1319 | D:7      | Noticed a yak
  1319 | D:7      | Noticed a yak
  1406 | D:6      | Noticed Duvessa
  1410 | D:6      | Noticed Dowan
  1458 | D:6      | Killed Duvessa
  1463 | D:6      | Killed Dowan
  1527 | D:6      | Noticed a yak
  1653 | D:6      | Found a staircase to the Ecumenical Temple.
  1663 | Temple   | Entered the Ecumenical Temple
  1834 | D:6      | Noticed a moth of wrath
  1837 | D:6      | Found a bloodstained altar of Trog.
  1891 | D:7      | Found a stormy altar of Qazlal.
  1921 | D:7      | Reached XP level 9. HP: 64/65 MP: 6/18
  2020 | D:8      | HP: 1/65 [wyvern zombie (7)]
  2199 | D:8      | Learned a level 2 spell: Ensorcelled Hibernation
  2265 | D:8      | Learned a level 3 spell: Confuse
  2395 | D:8      | Noticed p0werm0de's ghost (novice GrCK)
  2468 | D:10     | Entered Level 10 of the Dungeon
  2504 | D:10     | Mangled by an orc warrior

Skill      XL: |  1  2  3  4  5  6  7  8  9 |
---------------+----------------------------+-----
Spellcasting   | 5 6 |  6.5
Invocations    | 1 2 3 4 |  4.5
Fighting       | 1 2 3 4 |  4.1
Short Blades   | 1 2 3 4 |  4.1
Long Blades    | 1 2 3 4 |  4.1
Axes           | 1 2 3 4 |  4.1
Maces & Flails | 1 2 3 4 |  4.1
Polearms       | 1 2 3 4 |  4.1
Staves         | 1 2 3 4 |  4.1
Slings         | 1 2 3 4 |  4.1
Bows           | 1 2 3 4 |  4.1
Crossbows      | 1 2 3 4 |  4.1
Throwing       | 1 2 3 4 |  4.1
Armour         | 1 2 3 4 |  4.1
Shields        | 1 2 3 4 |  4.1
Unarmed Combat | 1 2 3 4 |  4.1
Evocations     | 1 2 3 4 |  4.1
Conjurations   | 1 2 3 |  3.4
Hexes          | 1 2 3 |  3.4
Charms         | 1 2 3 |  3.4
Summonings     | 1 2 3 |  3.4
Translocations | 1 2 3 |  3.4
Transmutations | 1 2 3 |  3.4
Fire Magic     | 1 2 3 |  3.4
Ice Magic      | 1 2 3 |  3.4
Air Magic      | 1 2 3 |  3.4
Earth Magic    | 1 2 3 |  3.4
Poison Magic   | 1 2 3 |  3.4
Dodging        | 5 6 |  6.2
Stealth        | 5 |  5.9
Necromancy     | |  7.9

Action                   |  1- 3 |  4- 6 |  7- 9 || total
-------------------------+-------+-------+-------++-------
Melee: Dagger            |    13 |    27 |   129 ||   169
       Bite              |     3 |     3 |    17 ||    23
       Punch             |       |       |     2 ||     2
Throw: Stone             |       |       |     1 ||     1
 Cast: Pain              |    42 |    23 |    56 ||   121
       Animate Skeleton  |     2 |     2 |     6 ||    10
       Regeneration      |     1 |     3 |     6 ||    10
       Borgnjor's Vile C |       |       |    10 ||    10
       Animate Dead      |       |       |     1 ||     1
Evoke: Wand              |       |     7 |    29 ||    36
  Use: Scroll            |     2 |     4 |     8 ||    14
       Potion            |       |     3 |     3 ||     6
 Stab: Sleeping          |     3 |     1 |     3 ||     7
       Paralysed         |       |       |     5 ||     5
  Eat: Chunk             |       |       |     5 ||     5
       Ration            |       |       |     2 ||     2
Armor: Robe              |     5 |     1 |    26 ||    32
Dodge: Dodged            |    28 |    18 |   112 ||   158
Block: Other             |       |       |     4 ||     4
